 Dungeon Crawl Stone Soup version 0.19.0-20-gbc5f0c6 (webtiles) character file.

12839 Dunking the Fighter (level 11, -9/108 HPs)
             Began as a Deep Dwarf Monk on Nov 17, 2016.
             Was a Priest of Makhleb.
             Mangled by a minotaur (16 damage)
             ... in a labyrinth.
             The game lasted 00:35:01 (10682 turns).

Dunking the Fighter (Deep Dwarf Monk)              Turns: 10682, Time: 00:35:02

Health: -9/108     AC: 15    Str: 23    XL:     11   Next: 67%
Magic:  5/5        EV: 10    Int: 11    God:    Makhleb [***...]
Gold:   253        SH:  6    Dex: 19    Spells: 0 memorised, 10 levels left

rFire  . . .     SeeInvis +     d - +0 hand crossbow
rCold  . . .     Gourm    +     D - +0 chain mail
rNeg   . . .     Faith    .     W - +0 buckler
rPois  .         Spirit   .     X - +0 hat {SInv}
rElec  .         Reflect  .     N - +2 cloak
rCorr  .         Harm     .     (no gloves)
MR     ++...                    G - +0 pair of boots
Stlth  ..........               m - amulet of the gourmand
                                K - +2 ring of dexterity
                                o - ring of protection from magic

@: mighty, non-regenerating
A: damage resistance, recharge devices, thin skeletal structure 1, sense
surroundings 2, slow regeneration 3
a: Device Recharging, Minor Destruction, Lesser Servant of Makhleb, Renounce
Religion


You were in a labyrinth.
You worshipped Makhleb.
Makhleb was most pleased with you.
You were very full.

You visited 3 branches of the dungeon, and saw 12 of its levels.
You also visited: Labyrinth and Sewer.

You collected 576 gold pieces.
You spent 323 gold pieces at shops.

Inventory:

Hand Weapons
 b - a +0 blowgun
 c - a +0 dagger of electrocution
 d - a +0 hand crossbow (weapon)
Missiles
 h - 53 bolts (quivered)
 r - 29 poisoned needles
Armour
 D - a +0 chain mail (worn)
 G - a +0 pair of boots (worn)
 N - a +2 cloak (worn)
 W - a +0 buckler (worn)
 X - a +0 hat of see invisible (worn)
Jewellery
 m - an amulet of the gourmand (around neck)
 o - a ring of protection from magic (left hand)
 K - a +2 ring of dexterity (right hand)
 Q - an uncursed ring of resist corrosion
Wands
 a - a wand of paralysis (14/24)
 f - a wand of heal wounds (3/9)
 i - a wand of teleportation (4/9)
 s - a wand of paralysis (10/24)
 J - a wand of flame (23/48)
 L - a wand of disintegration (11/24)
 T - a wand of disintegration (18/24)
Scrolls
 j - 2 scrolls of enchant armour
 k - 3 scrolls of teleportation
 l - 2 scrolls of noise
 v - 2 scrolls of magic mapping
 y - a scroll of amnesia
 B - 2 scrolls of blinking
 C - a scroll of fog {unknown}
 F - a scroll of silence {unknown}
 H - 2 scrolls of enchant weapon
 I - 2 scrolls of remove curse
Potions
 g - a potion of berserk rage
 p - a potion of lignification
 q - 2 potions of curing
 u - a potion of magic
Books
 M - a book of Frost

   Spells                             Type                      Level
   a - Freeze                         Ice                          1
   b - Throw Frost                    Conjuration/Ice              2
   c - Ozocubu's Armour               Charms/Ice                   3
   d - Throw Icicle                   Conjuration/Ice              4
   e - Summon Ice Beast               Ice/Summoning                4
Comestibles
 t - 4 meat rations
 A - 3 bread rations


   Skills:
 * Level 10.1 Fighting
   Level 4.4 Long Blades
 * Level 8.5 Crossbows
 + Level 7.6 Armour
 - Level 3.2 Dodging
 - Level 2.4 Stealth
 - Level 5.0 Shields
 * Level 9.1 Invocations
 * Level 9.3 Evocations


You had 10 spell levels left.
You didn't know any spells.

Dungeon Overview and Level Annotations

Branches:
Dungeon (10/15)            Temple (1/1) D:7            Lair (1/6) D:9
    Orc: D:9-12

Altars:
Ashenzari
Cheibriados
Dithmenos
Elyvilon
Fedhas
Gozag
Hepliaklqana
Kikubaaqudgha
Makhleb
Nemelex Xobeh
Okawaru
Qazlal
Ru
Sif Muna
Trog
Uskayaw
Vehumet
Xom
Yredelemnul
Zin
The Shining One

Shops:
D:5 (**[!   D:7 =

Annotations:
D:6 4 runed doors
D:7 4 runed doors


Innate Abilities, Weirdness & Mutations

You are resistant to damage.
You can recharge devices by infusing magical energy.
You passively map the area around you.
You do not regenerate.
You have a somewhat thin skeletal structure. (Dex +2, Stealth)


Message History

You shoot a bolt.
The bolt hits the minotaur but does no damage.
The minotaur is almost dead.
Firing (i - inventory):
h - 56 bolts (quivered)
Press: ? - help, Shift-Dir - straight line, f/p - minotaur
Aim: a minotaur (almost dead)
You shoot a bolt. The bolt barely misses the minotaur.
Firing (i - inventory):
h - 55 bolts (quivered)
Press: ? - help, Shift-Dir - straight line, f/p - minotaur
Aim: a minotaur (almost dead)
You shoot a bolt. The bolt hits the minotaur!
The minotaur is almost dead.
The minotaur hits you. The minotaur barely misses you.
Firing (i - inventory):
h - 54 bolts (quivered)
Press: ? - help, Shift-Dir - straight line, f/p - minotaur
Aim: a minotaur (almost dead)
You shoot a bolt. The bolt hits the minotaur.
The minotaur is almost dead.
The minotaur hits you!!
You die...

.. . .#. .# #.
### .### . . .<.
.#.# #.# # #.#.
... ...#.#
#.#######.### #..
... #..
.#####.###.###
........(((H@.#
###.#######.###.#
#.....# #.## ##
#.# ###


You could see a minotaur.

Vanquished Creatures
  Gastronok (D:9)
  A hydra (D:9)
  4 gargoyles (Lab)
  Joseph (D:7)
  3 spiny frogs (Lair:1)
  A komodo dragon (D:9)
  A troll (D:8)
  2 hornets
  Prince Ribbit (D:7)
  3 shadows (Lab)
  6 yaks (Lair:1)
  A wyvern (D:9)
  7 hungry ghosts
  Eustachio (D:6)
  Edmund (D:6)
  Menkaure (D:4)
  A water moccasin (Lair:1)
  A porcupine (Lair:1)
  Duvessa (D:7)
  Purgy (D:3)
  An ice beast (D:9)
  A swamp drake (D:9)
  2 phantoms
  5 black bears
  A necrophage (D:8)
  2 orc warriors
  A centaur (D:5)
  6 ogres
  2 crocodiles
  2 big kobolds (Sewer)
  5 bullfrogs
  A gnoll sergeant (D:8)
  Dowan (D:7)
  A scorpion (D:7)
  A water moccasin skeleton (D:7)
  3 howler monkeys
  2 crimson imps (D:5)
  2 orc priests
  5 hounds
  2 jellies (D:9)
  2 centaur skeletons
  6 orc wizards
  9 iguanas
  5 worker ants
  2 hound zombies
  A worker ant zombie (D:9)
  2 howler monkey skeletons
  6 adders
  8 gnolls
  4 river rats
  2 shadow imps
  7 oozes
  An adder zombie (D:5)
  An adder skeleton (D:8)
  3 worms
  3 dart slugs
  5 leopard geckos
  15 orcs
  5 giant cockroaches
  5 goblins
  3 hobgoblins
  6 jackals
  2 quokkas
  5 ball pythons
  6 bats
  7 frilled lizards
  14 kobolds
  A leopard gecko skeleton (D:8)
  A quokka skeleton (D:6)
  A quokka zombie (D:5)
  8 rats
231 creatures vanquished.

Notes
Turn   | Place    | Note
-------+----------+-------------------------------------------
     0 | D:1      | Dunking the Deep Dwarf Monk began the quest for the Orb.
     0 | D:1      | Reached XP level 1. HP: 20/20 MP: 1/1
   168 | D:1      | Reached skill level 3 in Fighting
   181 | D:1      | Reached XP level 2. HP: 23/28 MP: 2/2
   763 | D:1      | Reached skill level 1 in Armour
   894 | D:2      | Found a snail-covered altar of Cheibriados.
  1024 | D:2      | Found a glowing golden altar of the Shining One.
  1223 | D:2      | Found a sacrificial altar of Ru.
  1224 | D:2      | Reached XP level 3. HP: 34/34 MP: 3/3
  1236 | D:2      | Reached skill level 1 in Evocations
  1725 | D:3      | Reached XP level 4. HP: 40/43 MP: 5/5
  1831 | D:3      | Found an iron altar of Okawaru.
  2293 | D:3      | Noticed Purgy
  2399 | D:3      | Killed Purgy
  2399 | D:3      | Reached skill level 4 in Fighting
  2399 | D:3      | Reached XP level 5. HP: 49/50 MP: 6/6
  2578 | D:4      | Noticed Menkaure
  2594 | D:4      | Killed Menkaure
  2594 | D:4      | Reached XP level 6. HP: 8/58 MP: 5/7
  2757 | D:4      | Found a glowing drain.
  2797 | Sewer    | Entered a sewer
  3163 | Sewer    | Reached skill level 5 in Fighting
  3332 | Sewer    | Reached XP level 7. HP: 44/67 MP: 8/8
  4174 | D:4      | Reached skill level 1 in Crossbows
  4301 | D:5      | Entered Level 5 of the Dungeon
  4301 | D:5      | Found Tosmaax's Assorted Antiques.
  4309 | D:5      | Bought a dented bronze amulet for 125 gold pieces
  4309 | D:5      | Bought a potion of curing for 75 gold pieces
  4309 | D:5      | Bought a scroll labeled JOIWAD INOLUR for 25 gold pieces
  4349 | D:5      | Reached skill level 6 in Fighting
  4441 | D:5      | Found Qaeq's Assorted Antiques.
  4446 | D:5      | Found Vedoun's Weapon Emporium.
  4460 | D:5      | Bought 12 poisoned needles for 62 gold pieces
  4553 | D:5      | Reached XP level 8. HP: 18/78 MP: 9/9
  4597 | D:5      | Found Eschud's Armour Shop.
  4712 | D:5      | Found Icoijot's Distillery.
  4716 | D:5      | Bought a potion of curing for 36 gold pieces
  5055 | D:6      | Found a glowing silver altar of Zin.
  5062 | D:6      | Reached skill level 5 in Evocations
  5068 | D:6      | Found a shimmering altar of Xom.
  5092 | D:6      | Noticed Eustachio
  5114 | D:6      | Found a large runed door.
  5115 | D:6      | Found a large runed door.
  5139 | D:6      | Killed Eustachio
  5157 | D:6      | Found a large runed door.
  5157 | D:6      | Found a large runed door.
  5246 | D:6      | Reached skill level 7 in Fighting
  5289 | D:6      | Noticed Edmund
  5310 | D:6      | Killed Edmund
  5310 | D:6      | Reached skill level 5 in Armour
  5425 | D:6      | Found an opulent altar of Gozag.
  5904 | D:7      | Noticed Duvessa
  5904 | D:7      | Noticed Dowan
  5919 | D:7      | Killed Duvessa
  5923 | D:7      | Killed Dowan
  5989 | D:7      | Noticed a hornet
  6023 | D:6      | Gained mutation: You passively map the area around you. [Deep Dwarf growth]
  6023 | D:6      | Reached XP level 9. HP: 71/87 MP: 9/9
  6081 | D:7      | Found a staircase to the Ecumenical Temple.
  6090 | D:7      | Found Wosmafal's Gadget Boutique.
  6093 | Temple   | Entered the Ecumenical Temple
  6325 | Temple   | Became a worshipper of Makhleb the Destroyer
  6325 | Temple   | Reached * piety under Makhleb
  6325 | Temple   | Reached ** piety under Makhleb
  6393 | Temple   | Reached skill level 1 in Invocations
  6474 | D:7      | Noticed Prince Ribbit
  6501 | D:7      | Reached skill level 8 in Fighting
  6625 | D:7      | Found a huge runed gate.
  6626 | D:7      | Found a huge runed gate.
  6627 | D:7      | Found a huge runed gate.
  6628 | D:7      | Noticed a polar bear
  6628 | D:7      | Found a huge runed gate.
  6628 | D:7      | Noticed a polar bear
  6628 | D:7      | Noticed a polar bear
  6628 | D:7      | Noticed a manticore
  6640 | D:7      | Noticed a polar bear
  6657 | D:7      | Killed Prince Ribbit
  6776 | D:7      | Noticed Joseph
  6800 | D:7      | Killed Joseph
  6810 | D:7      | Found Jadwinla's Jewellery Shop.
  7353 | D:8      | Reached skill level 5 in Crossbows
  7480 | D:8      | Reached skill level 5 in Invocations
  7556 | D:8      | Reached XP level 10. HP: 82/98 MP: 10/10
  7602 | D:8      | Found a blossoming altar of Fedhas.
  7993 | D:9      | Reached skill level 9 in Fighting
  8054 | D:9      | Reached *** piety under Makhleb
  8077 | D:9      | Noticed Gastronok
  8338 | D:10     | Entered Level 10 of the Dungeon
  8338 | D:10     | Noticed a hill giant
  8427 | D:9      | HP: 2/99 [Gastronok (28)]
  8450 | D:9      | Killed Gastronok
  8512 | D:9      | Paralysed by a hornet for 2 turns
  8562 | D:9      | Noticed a five-headed hydra
  8576 | D:9      | Killed a five-headed hydra
  8576 | D:9      | Reached XP level 11. HP: 53/106 MP: 9/9
  8975 | D:9      | Found a staircase to the Lair.
  9407 | Lair:1   | Entered Level 1 of the Lair of Beasts
  9494 | Lair:1   | Gained mutation: You have a somewhat thin skeletal structure. (Dex +2, Stealth) [potion of beneficial mutation]
  9629 | Lair:1   | Found a labyrinth entrance.
  9664 | Lab      | Entered a labyrinth
  9855 | Lab      | Reached **** piety under Makhleb
  9899 | Lab      | Reached skill level 10 in Fighting
 10512 | Lab      | Reached skill level 5 in Shields
 10641 | Lab      | Noticed a minotaur
 10682 | Lab      | Mangled by a minotaur

Skill      XL: |  1  2  3  4  5  6  7  8  9 10 11 |
---------------+----------------------------------+-----
Fighting       | 3 4 5 6 7 8 9 10 | 10.1
Armour         | 1 2 3 4 5 6 7 |  7.6
Evocations     | 1 2 3 4 6 7 8 9 |  9.3
Long Blades    | 4 |  4.4
Crossbows      | 2 3 5 7 8 |  8.5
Invocations    | 5 7 9 |  9.1
Shields        | 3 5 |  5.0
Dodging        | |  3.2
Stealth        | |  2.4

Action                   |  1- 3 |  4- 6 |  7- 9 | 10-12 || total
-------------------------+-------+-------+-------+-------++-------
Melee: Falchion          |    88 |   271 |    16 |       ||   375
       Dagger            |       |    20 |   493 |   495 ||  1008
 Fire: Blowgun           |       |     2 |    30 |    25 ||    57
       Hand crossbow     |       |       |    24 |    68 ||    92
Throw: Throwing net      |       |       |       |     1 ||     1
Invok: Lesser Servant of |       |       |       |     3 ||     3
 Abil: Device Recharging |       |     1 |     4 |     8 ||    13
Evoke: Wand              |     1 |     7 |    16 |    35 ||    59
  Use: Potion            |       |       |     2 |     5 ||     7
       Scroll            |       |       |     1 |    18 ||    19
 Stab: Sleeping          |     5 |       |       |       ||     5
       Distracted        |     1 |       |       |       ||     1
       Paralysed         |     1 |       |       |       ||     1
       Held in net/web   |       |       |       |     2 ||     2
  Eat: Chunk             |     4 |    15 |    24 |    18 ||    61
       Beef jerky        |       |       |       |     7 ||     7
       Fruit             |       |       |       |     6 ||     6
       Bread ration      |       |       |       |     5 ||     5
       Meat ration       |       |       |       |     1 ||     1
       Royal jelly       |       |       |       |     1 ||     1
       Pizza             |       |       |       |     1 ||     1
Armor: Robe              |    11 |       |       |       ||    11
       Chain mail        |    19 |   258 |   262 |   240 ||   779
Dodge: Dodged            |    62 |   180 |   226 |   232 ||   700
Block: Buckler           |       |       |       |   113 ||   113
       Rpst.: Falchion   |    24 |    28 |       |       ||    52
